 Dungeon Crawl Stone Soup version 0.21.1-1-g345015f (webtiles) character file.

128 inc the Shield-Bearer (level 5, -8/36 HPs)
             Began as an Octopode Fighter on Apr 25, 2018.
             Was an Initiate of Gozag.
             Mangled by an ogre
             ... wielding a +0 giant club
              (20 damage)
             ... on level 4 of the Dungeon.
             The game lasted 00:02:56 (2091 turns).

inc the Shield-Bearer (Octopode Fighter)            Turns: 2091, Time: 00:02:57

Health: -8/36      AC:  1    Str: 21    XL:     5   Next: 12%
Magic:  5/5        EV: 12    Int: 10    God:    Gozag
Gold:   266        SH: 10    Dex: 12    Spells: 4/4 levels left

rFire    . . .     SeeInvis .   a - +0 flail
rCold    . . .     Gourm    .   b - +0 shield
rNeg     . . .     Faith    .   (helmet restricted)
rPois    .         Spirit   .   (no amulet)
rElec    .         Reflect  .   (no ring)
rCorr    .         Harm     .   (no ring)
MR       .....                  (no ring)
Stlth    ++........             (no ring)
HPRegen  0.12/turn              (no ring)
MPRegen  0.09/turn              (no ring)
                                (no ring)
                                (no ring)

@: mighty, lethally poisoned (-8 -> -15), gold aura
A: almost no armour, stealthy swim, amphibious, 8 rings, constrict 8, camouflage
1, gelatinous body 1
a: Potion Petition, Call Merchant, Bribe Branch, Renounce Religion


You were on level 4 of the Dungeon.
You worshipped Gozag.
Gozag was aware of your devotion.
You were not hungry.

You visited 1 branch of the dungeon, and saw 4 of its levels.

You collected 289 gold pieces.
You paid 23 gold pieces to Gozag.

Inventory:

Hand Weapons
 a - a +0 flail (weapon)
Armour
 b - a +0 shield (worn)
Jewellery
 g - an uncursed amulet of magic regeneration {unknown}
Scrolls
 f - 3 scrolls of identify {unknown}
 i - a scroll of noise {unknown}
 k - a scroll of blinking {unknown}
 m - a scroll of amnesia {unknown}
 n - a scroll of enchant armour {unknown}
Potions
 c - a potion of might
 e - a potion of flight {unknown}
 h - a potion of mutation {unknown}
 j - a potion of heal wounds {unknown}
 l - a potion of curing {unknown}
 o - a potion of magic {unknown}
Comestibles
 d - 4 rations


   Skills:
 - Level 3.0 Fighting
 + Level 3.8 Maces & Flails
 - Level 3.0 Dodging
 + Level 4.5 Shields


You had 4 spell levels left.
You didn't know any spells.

Dungeon Overview and Level Annotations

Branches:
Dungeon (4/15)
 Temple: D:4-7

Altars:
Cheibriados
Fedhas
Gozag
Makhleb
Nemelex Xobeh
Okawaru
Qazlal
Wu Jian

Annotations:
D:3 buskinjo's ghost, amateur KoHu


Innate Abilities, Weirdness & Mutations

You cannot wear most types of armour.
You are very stealthy in the water. (Stealth+)
You are amphibious.
You can wear up to eight rings at the same time.
You can use your tentacles to constrict eight enemies at once.
Your skin changes colour to match your surroundings (Stealth+).
Your rubbery body absorbs attacks. (AC +1, EV +1)


Message History

Ouch! That really hurt!
The adder skeleton moves out of view.
You are too injured to fight recklessly!
A worker ant comes into view.
Found a falchion.
Found an iron altar of Okawaru.
You feel very mighty all of a sudden. You block the worker ant's attack.
You completely miss the worker ant. You grab the worker ant.
You squeeze the worker ant, but do no damage.
You constrict the worker ant. The worker ant bites you.
You are poisoned.
The worker ant poisons you! The worker ant barely misses you.
You bludgeon the worker ant!!
You kill the worker ant!
You have reached level 5!
You feel stronger.
You feel sick. The ogre hits you with a giant club!!
Ouch! That really hurt!
You die...
Your body crumbles into a pile of gold.

. .....
#......# .
.).#..
#......#
.._..##.
#.....>#
#......#
#......#
#......#####
##..........
#.#O#..####
##.#@.....#
#...<...#.#
#..#........
#..###......
... ....##
###. #.### #
.# >#


You could see an ogre.

Vanquished Creatures
  A worker ant (D:4)
  3 adders
  An adder skeleton (D:3)
  5 worms
  2 dart slugs
  A leopard gecko (D:1)
  An orc (D:3)
  6 bats
  3 giant cockroaches
  7 goblins
  5 hobgoblins
  2 jackals (D:1)
  7 kobolds
  2 quokkas (D:3)
  4 frilled lizards
  7 rats
57 creatures vanquished.

Notes
Turn   | Place    | Note
-------+----------+-------------------------------------------
     0 | D:1      | inc the Octopode Fighter began the quest for the Orb.
     0 | D:1      | Reached XP level 1. HP: 16/16 MP: 1/1
   126 | D:1      | Reached XP level 2. HP: 21/21 MP: 2/2
   456 | D:1      | Reached XP level 3. HP: 20/26 MP: 3/3
  1397 | D:2      | Found a burning altar of Makhleb.
  1399 | D:2      | Found a stormy altar of Qazlal.
  1401 | D:2      | Found an opulent altar of Gozag.
  1401 | D:2      | Found a snail-covered altar of Cheibriados.
  1401 | D:2      | Found an ornate altar of the Wu Jian Council.
  1401 | D:2      | Found a sparkling altar of Nemelex Xobeh.
  1408 | D:2      | Reached XP level 4. HP: 31/31 MP: 4/4
  1412 | D:2      | Found a blossoming altar of Fedhas.
  1415 | D:2      | Became a worshipper of Gozag Ym Sagoz the Greedy
  1521 | D:3      | Noticed buskinjo's ghost (amateur KoHu)
  1632 | D:3      | Reached skill level 4 in Shields
  2061 | D:4      | Noticed an ogre
  2072 | D:4      | Found an iron altar of Okawaru.
  2091 | D:4      | Reached XP level 5. HP: 12/36 MP: 5/5
  2091 | D:4      | Mangled by an ogre

Skill      XL: |  1  2  3  4 |
---------------+-------------+-----
Maces & Flails | 3 |  3.8
Shields        | 4 |  4.5
Fighting       | |  3.0
Dodging        | |  3.0

Action                   |  1- 3 |  4- 6 || total
-------------------------+-------+-------++-------
Melee: Flail             |    74 |    36 ||   110
       Constrict         |    18 |    11 ||    29
       Tentacles         |     7 |     7 ||    14
  Use: Potion            |       |     1 ||     1
 Stab: Sleeping          |     6 |     3 ||     9
  Eat: Chunk             |     1 |       ||     1
       Ration            |       |     1 ||     1
Armor: Skin              |     5 |       ||     5
Dodge: Dodged            |    39 |    10 ||    49
Block: Shield            |    39 |    19 ||    58
